%YAML 1.1
%TAG !u! tag:unity3d.com,2011:
--- !u!1 &3639056395385967191
GameObject:
  m_ObjectHideFlags: 0
  m_CorrespondingSourceObject: {fileID: 0}
  m_PrefabInstance: {fileID: 0}
  m_PrefabAsset: {fileID: 0}
  serializedVersion: 6
  m_Component:
  - component: {fileID: 6317427432493775234}
  - component: {fileID: 1195433800856235057}
  - component: {fileID: 362044426564847452}
  - component: {fileID: 592494518920754073}
  - component: {fileID: 444517963618729194}
  - component: {fileID: 6159417911681976005}
  - component: {fileID: 102699827221062786}
  - component: {fileID: 5748514893541597446}
  m_Layer: 17
  m_Name: BagOfAsh
  m_TagString: Untagged
  m_Icon: {fileID: 0}
  m_NavMeshLayer: 0
  m_StaticEditorFlags: 0
  m_IsActive: 1
--- !u!4 &6317427432493775234
Transform:
  m_ObjectHideFlags: 0
  m_CorrespondingSourceObject: {fileID: 0}
  m_PrefabInstance: {fileID: 0}
  m_PrefabAsset: {fileID: 0}
  m_GameObject: {fileID: 3639056395385967191}
  m_LocalRotation: {x: -0, y: -0, z: -0, w: 1}
  m_LocalPosition: {x: 0, y: 0, z: 0}
  m_LocalScale: {x: 0.3, y: 0.2, z: 0.3}
  m_Children: []
  m_Father: {fileID: 204534674666209747}
  m_RootOrder: 0
  m_LocalEulerAnglesHint: {x: 0, y: 0, z: 0}
--- !u!33 &1195433800856235057
MeshFilter:
  m_ObjectHideFlags: 0
  m_CorrespondingSourceObject: {fileID: 0}
  m_PrefabInstance: {fileID: 0}
  m_PrefabAsset: {fileID: 0}
  m_GameObject: {fileID: 3639056395385967191}
  m_Mesh: {fileID: -5287425419667122880, guid: c1615bb392ff64e40b0d7ce3f0105f8c, type: 3}
--- !u!23 &362044426564847452
MeshRenderer:
  m_ObjectHideFlags: 0
  m_CorrespondingSourceObject: {fileID: 0}
  m_PrefabInstance: {fileID: 0}
  m_PrefabAsset: {fileID: 0}
  m_GameObject: {fileID: 3639056395385967191}
  m_Enabled: 1
  m_CastShadows: 1
  m_ReceiveShadows: 1
  m_DynamicOccludee: 1
  m_MotionVectors: 1
  m_LightProbeUsage: 1
  m_ReflectionProbeUsage: 1
  m_RayTracingMode: 2
  m_RayTraceProcedural: 0
  m_RenderingLayerMask: 1
  m_RendererPriority: 0
  m_Materials:
  - {fileID: 2100000, guid: 821cb8e9095c96e4aaefb8207381fcd8, type: 2}
  m_StaticBatchInfo:
    firstSubMesh: 0
    subMeshCount: 0
  m_StaticBatchRoot: {fileID: 0}
  m_ProbeAnchor: {fileID: 0}
  m_LightProbeVolumeOverride: {fileID: 0}
  m_ScaleInLightmap: 1
  m_ReceiveGI: 1
  m_PreserveUVs: 0
  m_IgnoreNormalsForChartDetection: 0
  m_ImportantGI: 0
  m_StitchLightmapSeams: 1
  m_SelectedEditorRenderState: 3
  m_MinimumChartSize: 4
  m_AutoUVMaxDistance: 0.5
  m_AutoUVMaxAngle: 89
  m_LightmapParameters: {fileID: 0}
  m_SortingLayerID: 0
  m_SortingLayer: 0
  m_SortingOrder: 0
  m_AdditionalVertexStreams: {fileID: 0}
--- !u!65 &592494518920754073
BoxCollider:
  m_ObjectHideFlags: 0
  m_CorrespondingSourceObject: {fileID: 0}
  m_PrefabInstance: {fileID: 0}
  m_PrefabAsset: {fileID: 0}
  m_GameObject: {fileID: 3639056395385967191}
  m_Material: {fileID: 0}
  m_IsTrigger: 0
  m_Enabled: 1
  serializedVersion: 2
  m_Size: {x: 3.7529094, y: 14.898577, z: 4.1644793}
  m_Center: {x: 0.40483594, y: 3.7470007, z: 0.019709269}
--- !u!208 &444517963618729194
NavMeshObstacle:
  m_ObjectHideFlags: 0
  m_CorrespondingSourceObject: {fileID: 0}
  m_PrefabInstance: {fileID: 0}
  m_PrefabAsset: {fileID: 0}
  m_GameObject: {fileID: 3639056395385967191}
  m_Enabled: 1
  serializedVersion: 3
  m_Shape: 1
  m_Extents: {x: 1.4720001, y: 2.0500002, z: 1.4720001}
  m_MoveThreshold: 0.1
  m_Carve: 0
  m_CarveOnlyStationary: 1
  m_Center: {x: 0, y: -1.6530001, z: 0}
  m_TimeToStationary: 0.5
--- !u!54 &6159417911681976005
Rigidbody:
  m_ObjectHideFlags: 0
  m_CorrespondingSourceObject: {fileID: 0}
  m_PrefabInstance: {fileID: 0}
  m_PrefabAsset: {fileID: 0}
  m_GameObject: {fileID: 3639056395385967191}
  serializedVersion: 2
  m_Mass: 1
  m_Drag: 0
  m_AngularDrag: 0.05
  m_UseGravity: 1
  m_IsKinematic: 0
  m_Interpolate: 0
  m_Constraints: 80
  m_CollisionDetection: 0
--- !u!114 &102699827221062786
MonoBehaviour:
  m_ObjectHideFlags: 0
  m_CorrespondingSourceObject: {fileID: 0}
  m_PrefabInstance: {fileID: 0}
  m_PrefabAsset: {fileID: 0}
  m_GameObject: {fileID: 3639056395385967191}
  m_Enabled: 1
  m_EditorHideFlags: 0
  m_Script: {fileID: 11500000, guid: 20c7af563a0c14dac9f2508692a2116b, type: 3}
  m_Name: 
  m_EditorClassIdentifier: 
--- !u!114 &5748514893541597446
MonoBehaviour:
  m_ObjectHideFlags: 0
  m_CorrespondingSourceObject: {fileID: 0}
  m_PrefabInstance: {fileID: 0}
  m_PrefabAsset: {fileID: 0}
  m_GameObject: {fileID: 3639056395385967191}
  m_Enabled: 1
  m_EditorHideFlags: 0
  m_Script: {fileID: 11500000, guid: b5840ee1ea29f4595841176d4e43cb26, type: 3}
  m_Name: 
  m_EditorClassIdentifier: 
  interactableType: {fileID: 11400000, guid: a4fc1422c4f7e400496a815dd01511ec, type: 2}
--- !u!1 &7492339921931971078
GameObject:
  m_ObjectHideFlags: 0
  m_CorrespondingSourceObject: {fileID: 0}
  m_PrefabInstance: {fileID: 0}
  m_PrefabAsset: {fileID: 0}
  serializedVersion: 6
  m_Component:
  - component: {fileID: 204534674666209747}
  - component: {fileID: 4661913165751874839}
  - component: {fileID: 538985492485887545}
  m_Layer: 0
  m_Name: BagOfAshGO 1
  m_TagString: Untagged
  m_Icon: {fileID: 0}
  m_NavMeshLayer: 0
  m_StaticEditorFlags: 0
  m_IsActive: 1
--- !u!4 &204534674666209747
Transform:
  m_ObjectHideFlags: 0
  m_CorrespondingSourceObject: {fileID: 0}
  m_PrefabInstance: {fileID: 0}
  m_PrefabAsset: {fileID: 0}
  m_GameObject: {fileID: 7492339921931971078}
  m_LocalRotation: {x: 0, y: 0, z: 0, w: 1}
  m_LocalPosition: {x: 0, y: 0, z: 0}
  m_LocalScale: {x: 1, y: 1, z: 1}
  m_Children:
  - {fileID: 6317427432493775234}
  - {fileID: 4540367063704275749}
  m_Father: {fileID: 0}
  m_RootOrder: 0
  m_LocalEulerAnglesHint: {x: 0, y: 0, z: 0}
--- !u!114 &4661913165751874839
MonoBehaviour:
  m_ObjectHideFlags: 0
  m_CorrespondingSourceObject: {fileID: 0}
  m_PrefabInstance: {fileID: 0}
  m_PrefabAsset: {fileID: 0}
  m_GameObject: {fileID: 7492339921931971078}
  m_Enabled: 1
  m_EditorHideFlags: 0
  m_Script: {fileID: 11500000, guid: f6a28ec7d3d98c8488106398d1b07fc6, type: 3}
  m_Name: 
  m_EditorClassIdentifier: 
  itemItemWorld: {fileID: 102699827221062786}
--- !u!114 &538985492485887545
MonoBehaviour:
  m_ObjectHideFlags: 0
  m_CorrespondingSourceObject: {fileID: 0}
  m_PrefabInstance: {fileID: 0}
  m_PrefabAsset: {fileID: 0}
  m_GameObject: {fileID: 7492339921931971078}
  m_Enabled: 1
  m_EditorHideFlags: 0
  m_Script: {fileID: 11500000, guid: f96ed2a998100ce4995b52aee4008436, type: 3}
  m_Name: 
  m_EditorClassIdentifier: 
--- !u!1001 &6938497058240723863
PrefabInstance:
  m_ObjectHideFlags: 0
  serializedVersion: 2
  m_Modification:
    m_TransformParent: {fileID: 204534674666209747}
    m_Modifications:
    - target: {fileID: 6865985682704036016, guid: 4808175e993682a448f4b1f69c78e4c0,
        type: 3}
      propertyPath: m_Name
      value: ItemIndicator
      objectReference: {fileID: 0}
    - target: {fileID: 6865985682704036018, guid: 4808175e993682a448f4b1f69c78e4c0,
        type: 3}
      propertyPath: m_LocalPosition.x
      value: 0
      objectReference: {fileID: 0}
    - target: {fileID: 6865985682704036018, guid: 4808175e993682a448f4b1f69c78e4c0,
        type: 3}
      propertyPath: m_LocalPosition.y
      value: 0
      objectReference: {fileID: 0}
    - target: {fileID: 6865985682704036018, guid: 4808175e993682a448f4b1f69c78e4c0,
        type: 3}
      propertyPath: m_LocalPosition.z
      value: 0
      objectReference: {fileID: 0}
    - target: {fileID: 6865985682704036018, guid: 4808175e993682a448f4b1f69c78e4c0,
        type: 3}
      propertyPath: m_LocalRotation.x
      value: 0
      objectReference: {fileID: 0}
    - target: {fileID: 6865985682704036018, guid: 4808175e993682a448f4b1f69c78e4c0,
        type: 3}
      propertyPath: m_LocalRotation.y
      value: 0
      objectReference: {fileID: 0}
    - target: {fileID: 6865985682704036018, guid: 4808175e993682a448f4b1f69c78e4c0,
        type: 3}
      propertyPath: m_LocalRotation.z
      value: 0
      objectReference: {fileID: 0}
    - target: {fileID: 6865985682704036018, guid: 4808175e993682a448f4b1f69c78e4c0,
        type: 3}
      propertyPath: m_LocalRotation.w
      value: 1
      objectReference: {fileID: 0}
    - target: {fileID: 6865985682704036018, guid: 4808175e993682a448f4b1f69c78e4c0,
        type: 3}
      propertyPath: m_RootOrder
      value: 1
      objectReference: {fileID: 0}
    - target: {fileID: 6865985682704036018, guid: 4808175e993682a448f4b1f69c78e4c0,
        type: 3}
      propertyPath: m_LocalEulerAnglesHint.x
      value: 0
      objectReference: {fileID: 0}
    - target: {fileID: 6865985682704036018, guid: 4808175e993682a448f4b1f69c78e4c0,
        type: 3}
      propertyPath: m_LocalEulerAnglesHint.y
      value: 0
      objectReference: {fileID: 0}
    - target: {fileID: 6865985682704036018, guid: 4808175e993682a448f4b1f69c78e4c0,
        type: 3}
      propertyPath: m_LocalEulerAnglesHint.z
      value: 0
      objectReference: {fileID: 0}
    - target: {fileID: 6865985682704036019, guid: 4808175e993682a448f4b1f69c78e4c0,
        type: 3}
      propertyPath: item
      value: 
      objectReference: {fileID: 3639056395385967191}
    m_RemovedComponents: []
  m_SourcePrefab: {fileID: 100100000, guid: 4808175e993682a448f4b1f69c78e4c0, type: 3}
--- !u!4 &4540367063704275749 stripped
Transform:
  m_CorrespondingSourceObject: {fileID: 6865985682704036018, guid: 4808175e993682a448f4b1f69c78e4c0,
    type: 3}
  m_PrefabInstance: {fileID: 6938497058240723863}
  m_PrefabAsset: {fileID: 0}
